[Event "Astana Open GM-norm 2018"]
[Site "Astana"]
[Date "2018.06.17"]
[Round "1"]
[White "Kazybek, Nogerbek"]
[Black "Baurzhan, Kassimov"]
[Result "0-1"]
[ECO "C70"]
[WhiteElo "2293"]
[BlackElo "2386"]
[Annotator "NA"]
[PlyCount "144"]
[EventDate "2018.06.17"]
[EventType "tourn"]
[EventCountry "KAZ"]
[SourceTitle "playchess.com"]
[Source "ChessBase"]
[SourceQuality "1"]
[TimeControl "5400+30"]

1. e4 e5 2. Nf3 Nc6 3. Bb5 a6 4. Ba4 Nge7 5. c3 g6 6. d4 exd4 7. cxd4 b5 8. Bb3 Bg7 9. d5 Na5 10. Bd2 c5 11. Bc3 O-O 12. Bxg7 Kxg7 13. O-O d6 14. Bc2 Ng8 15. h3 Qf6 16. Nc3 Nc4 17. Bb3 Nxb2 18. e5 dxe5 19. Qe2 c4 20. Ne4 Qf4 21. g3 Qf5 22. Nh4 Qd7 23. Qxb2 cxb3 24. Qxe5+ f6 25. Qd4 Bb7 26. Rad1 Rfd8 27. Qb6 Bxd5 28. axb3 Qc6 29. Qxc6 Bxc6 30. Rxd8 Rxd8 31. Nc5 Ra8 32. b4 a5 33. bxa5 Rxa5 34. Ne6+ Kh6 35. Nd4 Bd5 36. Rb1 Bc4 37. Ng2 Ne7 38. Ne3 Nc8 39. Rd1 Ra6 40. h4 Kg7 41. Ndc2 Rd6 42. Rc1 Nb6 43. Na3 Bd3 44. Rc7+ Rd7 45. Rxd7+ Nxd7 46. Nd5 Kf7 47. f3 g5 48. Kf2 Ne5 49. f4 gxf4 50. gxf4 Nc6 51. Ke3 b4 52. Kxd3 bxa3 53. Kc3 Ke6 54. Ne3 h5 55. Kb3 Nd4+ 56. Kxa3 Nf5 57. Ng2 Kd5 58. Kb3 Ke4 59. Kc3 Kf3 60. Ne1+ Kxf4 61. Kd2 Nxh4 62. Ke2 Kg3 63. Kf1 f5 64. Nc2 Nf3 65. Ne3 Nd4 66. Nd1 h4 67. Nc3 Kf3 68. Nd5 Ne2 69. Ne7 h3 70. Nxf5 h2 71. Nh4+ Kg3 72. Nf5+ Kh3 0-1

[Event "Astana Open GM-norm 2018"]
[Site "Astana"]
[Date "2018.06.18"]
[Round "2"]
[White "Kazybek, Nogerbek"]
[Black "Tair, Vahidov"]
[Result "1/2-1/2"]
[ECO "C88"]
[WhiteElo "2293"]
[BlackElo "2405"]
[Annotator "NA"]
[PlyCount "25"]
[EventDate "2018.06.17"]
[EventType "tourn"]
[EventCountry "KAZ"]
[SourceTitle "playchess.com"]
[Source "ChessBase"]
[SourceQuality "1"]
[TimeControl "5400+30"]

1. e4 e5 2. Nf3 Nc6 3. Bb5 a6 4. Ba4 Nf6 5. O-O Be7 6. Re1 b5 7. Bb3 O-O 8. h3 d5 9. exd5 Nxd5 10. Nxe5 Nxe5 11. Rxe5 Nb6 12. d4 Bf6 13. Re1 1/2-1/2

[Event "Astana Open GM-norm 2018"]
[Site "Astana"]
[Date "2018.06.19"]
[Round "3"]
[White "Tair, Vahidov"]
[Black "Baurzhan, Kassimov"]
[Result "1/2-1/2"]
[ECO "A50"]
[WhiteElo "2405"]
[BlackElo "2386"]
[Annotator "NA"]
[PlyCount "50"]
[EventDate "2018.06.17"]
[EventType "tourn"]
[EventCountry "KAZ"]
[SourceTitle "playchess.com"]
[Source "ChessBase"]
[SourceQuality "1"]
[TimeControl "5400+30"]

1. d4 Nf6 2. c4 b6 3. Nc3 Bb7 4. f3 d5 5. cxd5 Nxd5 6. e4 Nxc3 7. bxc3 e5 8. Be3 Nd7 9. Bc4 exd4 10. cxd4 Bb4+ 11. Kf2 O-O 12. Ne2 c5 13. Bb5 Qh4+ 14. g3 Qe7 15. Bxd7 cxd4 16. Qxd4 Rad8 17. Rhd1 Bc8 18. Nf4 Bc5 19. Qc3 Bxe3+ 20. Kxe3 Rxd7 21. Rxd7 Bxd7 22. Nd5 Qd6 23. Rd1 Qh6+ 24. Nf4 Be6 25. h4 f6 1/2-1/2

[Event "Astana Open GM-norm 2018"]
[Site "Astana"]
[Date "2018.06.19"]
[Round "3"]
[White "Arystanbek, Urazayev"]
[Black "Kazybek, Nogerbek"]
[Result "1/2-1/2"]
[ECO "C03"]
[WhiteElo "2303"]
[BlackElo "2293"]
[Annotator "NA"]
[PlyCount "95"]
[EventDate "2018.06.17"]
[EventType "tourn"]
[EventCountry "KAZ"]
[SourceTitle "playchess.com"]
[Source "ChessBase"]
[SourceQuality "1"]
[TimeControl "5400+30"]

1. e4 e6 2. d4 d5 3. Nd2 Be7 4. Bd3 c5 5. dxc5 Nf6 6. Qe2 O-O 7. Ngf3 a5 8. O-O Na6 9. e5 Nd7 10. Nd4 Ndxc5 11. f4 Nxd3 12. cxd3 Nb4 13. N2f3 Qb6 14. Be3 Qa6 15. Rfd1 Bd7 16. a3 Nc6 17. Rac1 Rfc8 18. g4 Nxd4 19. Nxd4 Ba4 20. Rf1 Bb5 21. Rcd1 Bc5 22. f5 exf5 23. gxf5 Re8 24. Nxb5 Qxb5 25. Bxc5 Qxc5+ 26. d4 Qe7 27. Qg2 Qh4 28. f6 g6 29. Rf3 Rac8 30. Rg3 Qf4 31. Rf3 Qh4 32. Rg3 Qf4 33. Qd2 Qh4 34. Qg2 Qf4 35. Rf3 Qh4 36. Rc3 b5 37. Kh1 Rxc3 38. bxc3 Rd8 39. Qf3 Qg5 40. Rg1 Qd2 41. e6 fxe6 42. f7+ Kg7 43. Rf1 Rf8 44. Qf6+ Kh6 45. Qh4+ Kg7 46. Qf6+ Kh6 47. Qh4+ Kg7 48. Qf6+ 1/2-1/2

[Event "Astana Open GM-norm 2018"]
[Site "Astana"]
[Date "2018.06.20"]
[Round "4"]
[White "Kazybek, Nogerbek"]
[Black "Zhanibek, Amanov"]
[Result "1/2-1/2"]
[ECO "C45"]
[WhiteElo "2293"]
[BlackElo "2340"]
[Annotator "NA"]
[PlyCount "111"]
[EventDate "2018.06.17"]
[EventType "tourn"]
[EventCountry "KAZ"]
[SourceTitle "playchess.com"]
[Source "ChessBase"]
[SourceQuality "1"]
[TimeControl "5400+30"]

1. e4 e5 2. Nf3 Nc6 3. d4 exd4 4. Nxd4 Qf6 5. Be3 Bc5 6. c3 Nge7 7. Bc4 O-O 8. O-O b6 9. Nxc6 Qxc6 10. Bxc5 bxc5 11. Re1 Rb8 12. b3 d6 13. Nd2 a5 14. f4 Bb7 15. Qh5 Rbd8 16. Nf3 d5 17. exd5 Nxd5 18. Rad1 g6 19. Qh6 Qf6 20. Ng5 Qg7 21. Qxg7+ Kxg7 22. Bxd5 Rxd5 23. Rxd5 Bxd5 24. c4 h6 25. cxd5 hxg5 26. fxg5 Rd8 27. Re5 a4 28. Kf2 axb3 29. axb3 Rb8 30. Re3 Rd8 31. Rd3 Kf8 32. Ke2 Ke7 33. h4 Kd6 34. Rf3 Ke7 35. Re3+ Kd6 36. g3 Rb8 37. Rf3 Ke7 38. Kd2 Rb4 39. Kc3 Rd4 40. Rf6 Rxd5 41. Kc4 Rd4+ 42. Kxc5 Rd3 43. b4 Rxg3 44. Rf4 Rc3+ 45. Kb5 Rc1 46. Ka6 Rc3 47. Kb7 c6 48. Kc7 Rc1 49. Rd4 Rc3 50. Re4+ Kf8 51. Kd7 Rc1 52. Rf4 Rc3 53. Re4 Rc1 54. Kd6 Rc3 55. Ke5 c5 56. bxc5 1/2-1/2

[Event "Astana Open GM-norm 2018"]
[Site "Astana"]
[Date "2018.06.21"]
[Round "5"]
[White "Arystanbek, Urazayev"]
[Black "Baurzhan, Kassimov"]
[Result "1/2-1/2"]
[ECO "C67"]
[WhiteElo "2303"]
[BlackElo "2386"]
[Annotator "NA"]
[PlyCount "48"]
[EventDate "2018.06.17"]
[EventType "tourn"]
[EventCountry "KAZ"]
[SourceTitle "playchess.com"]
[Source "ChessBase"]
[SourceQuality "1"]
[TimeControl "5400+30"]

1. e4 e5 2. Nf3 Nc6 3. Bb5 Nf6 4. O-O Nxe4 5. d4 Nd6 6. dxe5 Nxb5 7. a4 Nbd4 8. Nxd4 Nxd4 9. Qxd4 d5 10. exd6 Qxd6 11. Qe4+ Qe6 12. Qd4 Qd6 13. Qe3+ Be7 14. Nc3 c6 15. Re1 Be6 16. Ne4 Qc7 17. Nc5 Bxc5 18. Qxc5 Qe7 19. Qe5 O-O 20. Bh6 gxh6 21. Ra3 f6 22. Rg3+ Kh8 23. Qxe6 Qxe6 24. Rxe6 Rae8 1/2-1/2

[Event "Astana Open GM-norm 2018"]
[Site "Astana"]
[Date "2018.06.21"]
[Round "5"]
[White "Gulmira, Dauletova"]
[Black "Kazybek, Nogerbek"]
[Result "1/2-1/2"]
[ECO "B32"]
[WhiteElo "2273"]
[BlackElo "2293"]
[Annotator "NA"]
[PlyCount "35"]
[EventDate "2018.06.17"]
[EventType "tourn"]
[EventCountry "KAZ"]
[SourceTitle "playchess.com"]
[Source "ChessBase"]
[SourceQuality "1"]
[TimeControl "5400+30"]

1. e4 c5 2. Nf3 Nc6 3. d4 cxd4 4. Nxd4 e5 5. Nb5 d6 6. N1c3 a6 7. Na3 Be7 8. Nc4 b5 9. Ne3 Nf6 10. Bd3 O-O 11. O-O Rb8 12. a3 Re8 13. Re1 Be6 14. Ncd5 Nd7 15. c3 Bg5 16. Nb4 Rb6 17. Nxc6 Rxc6 18. a4 1/2-1/2

[Event "Astana Open GM-norm 2018"]
[Site "Astana"]
[Date "2018.06.22"]
[Round "6"]
[White "Tair, Vahidov"]
[Black "Gulmira, Dauletova"]
[Result "1-0"]
[ECO "D02"]
[WhiteElo "2405"]
[BlackElo "2273"]
[Annotator "NA"]
[PlyCount "91"]
[EventDate "2018.06.17"]
[EventType "tourn"]
[EventCountry "KAZ"]
[SourceTitle "playchess.com"]
[Source "ChessBase"]
[SourceQuality "1"]
[TimeControl "5400+30"]

1. Nf3 d5 2. g3 c6 3. Bg2 Bg4 4. d4 Nd7 5. Nbd2 Ngf6 6. O-O e6 7. Re1 Be7 8. e4 O-O 9. c3 Bh5 10. h3 {[%emt 0:09:00] D02: 1 d4 d5 2 Nf3 sidelines, including 2...Nf6 3 g3 and 2...Nf6 3 Bf4} Bg6 11. exd5 (11. e5 Ne4 12. Nxe4 Bxe4 13. Nh2 Bg6 14. h4 h6 15. Bf1 c5 16. Bd3 Bxd3 17. Qxd3 cxd4 18. cxd4 {1-0 (38) Anand,V (2773)-McShane,L (2684) London 2013 CBM 158 [Ramirez Alvarez,Alejandro]}) 11... cxd5 12. a4 Ne4 $146 13. Nxe4 Bxe4 14. Bf1 Rc8 15. a5 a6 16. Nd2 Bg6 17. Qb3 Qc7 18. Nf3 Bd6 19. Nh4 Be4 20. Ng2 e5 21. Be3 Rfe8 22. Qd1 h6 23. Be2 Nf6 24. dxe5 Bxe5 25. Bf1 Qd7 26. Nf4 Bf5 27. Kh2 g5 $14 28. Bd4 Ne4 29. Bxe5 Rxe5 30. Qd4 Qd6 31. Nd3 Re6 32. Nb4 Rc5 33. Rad1 g4 34. h4 f6 35. Nxd5 Re5 36. Ne3 Qe6 37. Bc4 Rxc4 38. Nxc4 Nxf2 39. Rxe5 fxe5 40. Qxf2 Qxc4 41. Rd8+ Kg7 42. Qxf5 Qe2+ 43. Kg1 Qe1+ 44. Kg2 Qe2+ 45. Qf2 Qe4+ 46. Kh2 1-0

[Event "Astana Open GM-norm 2018"]
[Site "Astana"]
[Date "2018.06.22"]
[Round "6"]
[White "Arystanbek, Urazayev"]
[Black "Zhanibek, Amanov"]
[Result "0-1"]
[ECO "C72"]
[WhiteElo "2303"]
[BlackElo "2340"]
[Annotator "NA"]
[PlyCount "86"]
[EventDate "2018.06.17"]
[EventType "tourn"]
[EventCountry "KAZ"]
[SourceTitle "playchess.com"]
[Source "ChessBase"]
[SourceQuality "1"]
[TimeControl "5400+30"]

1. e4 {[%emt 0:00:14] Schussler,H} e5 2. Nf3 Nc6 3. Bb5 a6 4. Ba4 d6 5. O-O Bg4 6. h3 h5 7. c3 Qf6 8. d3 {[%emt 0:02:11] C72: Ruy Lopez: Deferred Steinitz: 5 0-0} Bxf3 9. Qxf3 Qxf3 10. gxf3 Nge7 11. f4 O-O-O (11... exf4 12. Bxf4 O-O-O 13. Nd2 g5 14. Be3 Bh6 15. f4 g4 16. hxg4 hxg4 {½-½ (37) Svidler,P (2746)-Grischuk,A (2716) Baku 2008}) 12. Bb3 f6 $146 ({Predecessor:} 12... exf4 13. Bxf4 d5 14. Nd2 g5 15. Be3 Bh6 {1-0 (34) Adams,M (2630)-Piket,J (2245) Wijk aan Zee 1993 CBM 034 [Schussler,H]}) 13. Kh1 g6 14. Na3 Bh6 15. f5 Bxc1 16. Raxc1 d5 17. exd5 Na5 18. Bc2 Rxd5 19. fxg6 Nxg6 20. d4 Nf4 21. Be4 Rdd8 22. dxe5 fxe5 23. b4 Nc6 24. Nc4 b5 25. Ne3 Ne7 26. a4 bxa4 $11 27. Ra1 Nxh3 28. Rxa4 Rhf8 29. Kg2 Ng5 30. b5 Rf4 31. Bc2 Rxa4 32. Bxa4 axb5 33. Bxb5 c6 34. Be2 Ng6 35. Kh2 Nf4 36. Ba6+ Kc7 37. Rb1 Rg8 38. Nf5 Nf3+ 39. Kh1 Rg2 40. Rb7+ Kd8 41. Rb8+ Kd7 42. Bc8+ Kc7 43. Rb7+ Kd8 0-1

[Event "Astana Open GM-norm 2018"]
[Site "Astana"]
[Date "2018.06.24"]
[Round "8"]
[White "Zhanibek, Amanov"]
[Black "Gulmira, Dauletova"]
[Result "1-0"]
[ECO "B47"]
[WhiteElo "2340"]
[BlackElo "2273"]
[Annotator "NA"]
[PlyCount "118"]
[EventDate "2018.06.17"]
[EventType "tourn"]
[EventCountry "KAZ"]
[SourceTitle "playchess.com"]
[Source "ChessBase"]
[SourceQuality "1"]
[TimeControl "5400+30"]

1. e4 c5 2. Nf3 e6 3. g3 a6 4. Bg2 Nc6 5. O-O Qc7 6. Nc3 Nf6 7. d4 cxd4 8. Nxd4 h5 9. h3 Nxd4 10. Qxd4 Bc5 11. Bf4 d6 12. Qd2 e5 13. Bg5 Be6 14. Bxf6 gxf6 15. Nd5 Bxd5 16. Qxd5 Qc6 17. Qd3 a5 18. a4 Qb6 19. c3 Rg8 20. Qf3 Ke7 21. Kh2 Ra7 22. Qe2 Rh8 23. h4 Qa6 24. Qd2 Qc4 25. Qc2 Bb6 26. Rfd1 Qc5 27. Rd2 Raa8 28. Rf1 Rad8 29. Rd5 Qc6 30. Rb5 Bc7 31. Qe2 Rh7 32. Bf3 Rdh8 33. Rd1 Bb6 34. Kg2 Qc7 35. Qc2 Rb8 36. Qb3 Bc5 37. Qc4 Rc8 38. Qd5 b6 39. Qd3 Qd7 40. Qe2 Qe6 41. Rd5 Qd7 42. Qd3 Qc6 43. b4 axb4 44. cxb4 Bd4 45. Rxd4 exd4 46. e5 Qc2 47. exd6+ Kd7 48. Qxc2 Rxc2 49. Be4 Rc3 50. Bxh7 Kxd6 51. Rxb6+ Kd5 52. Rxf6 Ra3 53. a5 Kc4 54. Rb6 d3 55. Bxd3+ Rxd3 56. a6 Rd8 57. a7 Ra8 58. Rb7 f5 59. b5 Kd5 1-0